 Dungeon Crawl Stone Soup version 0.29-a0-819-g94b489e0ae (webtiles) character file.

Game seed: 15954008528973042953

112 Ayihk420 the Shield-Bearer (level 4, -1/29 HPs)
             Began as a Gargoyle Fighter on July 7, 2022.
             Killed by divine providence
             ... invoked by an orc priest
              (12 damage)
             ... on level 4 of the Dungeon.
             The game lasted 00:08:20 (2332 turns).

Ayihk420 the Shield-Bearer (Gargoyle Fighter)       Turns: 2332, Time: 00:08:20

Health: -1/29      AC: 14    Str: 20    XL:     4   Next: 93%
Magic:  4/4        EV:  7    Int:  8    God:
Gold:   74         SH:  0    Dex: 14    Spells: 3/3 levels left

rFire   . . .      SeeInvis .   p - +10 whip "Wipp" {drain, rCorr Dex+3}
rCold   . . .      Faith    .   r - orb {*Rage}
rNeg    + . .      Spirit   .   o - +0 chain mail
rPois   ∞          Reflect  .   g - +0 hat
rElec   +          Harm     .   (no cloak)
rCorr   +          Rampage  .   i - +0 pair of gloves
Will    .....      Rage     20% (no boots)
Stlth   ..........              a - amulet of the acrobat
HPRegen 0.09/turn               (no ring)
MPRegen 0.09/turn               (no ring)

@: on berserk cooldown, slowed, very slow
A: sickness immunity, AC +3, negative energy resistance 1, electricity
resistance, torment resistance 1, petrification resistance
a: no special abilities


You were on level 4 of the Dungeon.
You visited 1 branch of the dungeon, and saw 4 of its levels.

You collected 74 gold pieces.

Inventory:

Hand Weapons
 p - the +10 whip "Wipp" (weapon) {drain, rCorr Dex+3}
   (You found it on level 2 of the Dungeon)

   A truly terrible weapon, it drains the life of any living foe it strikes.
   Dex:       It affects your dexterity (+3).
   rCorr:     It protects you from acid and corrosion.
Missiles
 b - 6 poisoned darts
 k - 27 stones (quivered)
Armour
 g - a +0 hat (worn)
 i - a +0 pair of gloves (worn)
 o - a +0 chain mail (worn)
 r - an orb of wrath (worn)
Jewellery
 a - an amulet of the acrobat (around neck)
Scrolls
 n - a scroll of noise
Potions
 d - 2 potions of might
 e - 2 potions of lignification
 f - a potion of mutation {unknown}
 h - a potion of brilliance {unknown}
 l - a potion of invisibility {unknown}
 m - 2 potions of curing
 q - a potion of resistance {unknown}


   Skills:
 - Level 3.9 Fighting
 * Level 3.6 Maces & Flails
 - Level 3.8 Armour
 - Level 3.9 Shields


You had 3 spell levels left.
You didn't know any spells.
Your spell library contained the following spells:

 Spells                   Type           Power      Damage    Failure   Level
 Beastly Appendage        Tmut           0%         N/A       99%         1
 Wereblood                Tmut           0%         N/A       100%        2
 Spider Form              Tmut/Pois      0%         N/A       100%        3
 Summon Lightning Spire   Summ/Air       0%         N/A       100%        4
 Storm Form               Tmut/Air       0%         N/A       100%        7
 Maxwell's Capacitive Co  Air            0%         ∞         100%        8


Dungeon Overview and Level Annotations

Branches:
Dungeon (4/15)             Temple (0/1) D:4

Altars:
Uskayaw

Shops:
D:1 :


Innate Abilities, Weirdness & Mutations

You are immune to sickness and miasma.
Your stone body is resilient. (AC +3)
You are immune to poison.
You resist negative energy. (rN+)
You are resistant to electric shocks. (rElec)
You are resistant to unholy torment.
You are immune to petrification.


Message History

You miss the kobold.
The kobold hits you but does no damage. x2
You barely miss the kobold.
An orc comes into view. It is wielding a +0 mace.
An orc priest comes into view. It is wielding a +0 hand axe.
The kobold hits you but does no damage.
The orc priest shouts!
The orc shouts!
You hit the kobold. You drain the kobold.
You kill the kobold!
You hear a shout!
The hobgoblin hits you but does no damage.
The adder bites you but does no damage. The hobgoblin barely misses you.
You hit the adder. You drain the adder.
The adder is heavily wounded.
The adder bites you but does no damage. x2
The hobgoblin hits you but does no damage.
You closely miss the adder.
The adder is heavily wounded.
The adder barely misses you. The orc priest barely misses you.
The hobgoblin hits you. The adder bites you but does no damage.
You whack the adder!
You kill the adder!
The orc priest hits you with a +0 hand axe.
An orc comes into view. It is wielding a +0 hand axe.
The hobgoblin hits you but does no damage.
The hobgoblin completely misses you.
The orc priest invokes the aid of Beogh against you.
Beogh smites you!
You closely miss the orc priest.
The orc shouts!
The orc priest hits you but does no damage.
The hobgoblin barely misses you.
You hit the orc priest. You drain the orc priest.
The orc priest is moderately wounded.
The orc hits you but does no damage.
The orc priest looks braver for a moment.
The hobgoblin hits you but does no damage. x2
The orc hits you but does no damage.
The orc priest mumbles some strange prayers to Beogh against you.
Beogh smites you!
You die...

#.... .#. ..... ....
...### .... ......)..
###.#.#..## . ....o..
.... ....
###.#g##..#..
.....#..oo@<......
.....#...o.##..#..
.....#.....# #
.#....##.#.#
......##.#.##..
................
+#####.#.......#.##..#
.......#.......#...
.... ........†.####.


You could see an orc priest (very drained), 3 orcs and a hobgoblin.

Vanquished Creatures
  A hound (D:4)
  2 adders
  3 dart slugs (D:1)
  5 bats
  5 endoplasms
  2 giant cockroaches
  7 goblins
  7 hobgoblins
  4 jackals (D:2)
  A quokka (D:2)
  4 ball pythons
  7 frilled lizards
  2 kobolds
  2 rats (D:1)
52 creatures vanquished.

Vanquished Creatures (collateral kills)
  A bat (D:3)
1 creature vanquished.

Grand Total: 53 creatures vanquished

Notes
Turn   | Place    | Note
-------+----------+-------------------------------------------
     0 | D:1      | Ayihk420 the Gargoyle Fighter began the quest for the Orb.
     0 | D:1      | Reached XP level 1. HP: 14/14 MP: 1/1
    30 | D:1      | Found a faded altar of an unknown god.
   252 | D:1      | Prayed at the altar of an unknown god.
   252 | D:1      | Became a worshipper of Uskayaw the Reveller
   252 | D:1      | Reached * piety under Uskayaw
   253 | D:1      | Fell from the grace of Uskayaw
   282 | D:1      | Reached XP level 2. HP: 19/19 MP: 2/2
   567 | D:1      | Reached XP level 3. HP: 20/24 MP: 3/3
   702 | D:1      | Found Cup Caok's Book Shop.
  1512 | D:2      | Reached XP level 4. HP: 29/29 MP: 4/4
  1549 | D:2      | Identified the +10 whip "Wipp" {drain, rCorr Dex+3}
  2288 | D:4      | Found a staircase to the Ecumenical Temple.
  2332 | D:4      | Killed from afar by an orc priest

Illustrated notes

Levels and vault maps discovered:
D:1:      heliophobic_arrival_dark_side_of_the_moon, layout_rooms, serial_shops,
          nicolae_shop_stone, basic_ecumenical_altar
D:2:      minmay_inner_zag, layout_rooms
D:3:      mumra_celtic_spiral_tile, layout_rooms
D:4:      layout_basic, nicolae_overflow_hidden_temple,
          minmay_temple_entry_ruins

Skill      XL: |  1  2  3  4 |
---------------+-------------+-----
Maces & Flails | 3 |  3.6
Fighting       | |  3.9
Armour         | |  3.8
Shields        | |  3.9

Action                   |  1- 3 |  4- 6 || total
-------------------------+-------+-------++-------
Melee: Flail             |   140 |    10 ||   150
       Whip              |       |    17 ||    17
Invok: Renounce Religion |     1 |       ||     1
  Use: Scroll            |       |     5 ||     5
Armor: Scale mail        |   142 |     9 ||   151
       Chain mail        |       |    17 ||    17
Dodge: Dodged            |   114 |    13 ||   127
Block: Buckler           |    56 |     2 ||    58

Table legend: (Time is in decaauts)
 A = Elapsed time spent in this place.
 B = Non-inter-level travel time spent in this place.
 C = Inter-level travel time spent in this place.
 D = Time resting spent in this place.
 E = Time spent auto-exploring this place.
 F = Levels seen in this place.
 G = Mean time per level.
                   A        B        C        D        E       F      G
               +--------+--------+--------+--------+--------+-----+--------+
         Total |   2389 |   2299 |     90 |    485 |    986 |   4 |  597.2 |
       Dungeon |   2389 |   2299 |     90 |    485 |    986 |   4 |  597.2 |
               +--------+--------+--------+--------+--------+-----+--------+

Top non-repeatable levels by time:
     D:1: 1181 daAuts
     D:2: 851 daAuts
     D:3: 253 daAuts
     D:4: 103 daAuts
